 Dungeon Crawl Stone Soup version 0.17.1-2-g5865329 (webtiles) character file.

93 JustSomeDude the Skirmisher (level 4, -4/36 HPs)
             Began as a Demonspawn Fighter on Jan 19, 2016.
             Slain by an ice beast (9 damage)
             ... on level 3 of the Dungeon.
             The game lasted 00:03:18 (1650 turns).

JustSomeDude the Skirmisher (Demonspawn Fighter)    Turns: 1650, Time: 00:03:19

Health: -4/36      AC:  7    Str: 16    XL:     4   Next: 36%
Magic:  4/4        EV:  7    Int:  9    God:
Gold:   91         SH:  9    Dex: 14    Spells: 0 memorised, 3 levels left

rFire  . . .     SeeInvis .     j - +2 dagger (vamp)
rCold  . . .     Clarity  .     b - +0 scale mail
rNeg   . . .     SustAt   .     c - +0 shield
rPois  .         Gourm    .     (no helmet)
rElec  .         Spirit   .     (no cloak)
rCorr  .         Warding  .     (no gloves)
rMut   .         Stasis   .     (no boots)
MR     .....                    (no amulet)
Stlth  +.........               (no ring)
                                (no ring)

@: not resistant to hostile enchantments, very unstealthy
A: claws 1, rugged brown scales 1, nightstalker 1
a: no special abilities


You were on level 3 of the Dungeon.
You were not hungry.

You visited 1 branch of the dungeon, and saw 3 of its levels.

You collected 91 gold pieces.

Inventory:

Hand Weapons
 j - a +2 vampiric dagger (weapon)
Armour
 b - a +0 scale mail (worn)
 c - a +0 shield (worn)
Jewellery
 f - an uncursed ring of stealth {unknown}
Scrolls
 e - 2 scrolls of identify {unknown}
 g - a scroll of magic mapping {unknown}
 i - a scroll of enchant weapon {unknown}
 m - a scroll of teleportation {unknown}
 o - a scroll of fear {unknown}
Potions
 a - a potion of mutation {unknown}
 d - a potion of might
 h - a potion of brilliance {unknown}
 k - a potion of heal wounds {unknown}
 n - a potion of curing {unknown}
Comestibles
 l - 3 fruits


   Skills:
 + Level 3.4 Fighting
 + Level 0.1 Short Blades
   Level 1.9 Polearms
 + Level 3.3 Armour
 + Level 1.4 Dodging
 * Level 0.2 Stealth
 + Level 3.3 Shields


You had 3 spell levels left.
You didn't know any spells.

Dungeon Overview and Level Annotations

Branches:
Dungeon (3/15)

Altars:


Innate Abilities, Weirdness & Mutations

You have sharp fingernails.
You are partially covered in rugged brown scales (AC +1, +3% HP).
You are slightly more attuned to the shadows.


Message History

The ice beast is severely wounded.
You block the ice beast's attack.
You hit the ice beast but do no damage.
The ice beast is severely wounded.
You block the ice beast's attack.
You hit the ice beast but do no damage.
The ice beast is severely wounded.
The ice beast hits you but does no damage.
You hit the ice beast but do no damage.
The ice beast is severely wounded.
The ice beast hits you but does no damage.
You hit the ice beast but do no damage.
The ice beast is severely wounded.
You block the ice beast's attack.
You hit the ice beast.
The ice beast is severely wounded.
The ice beast hits you.
* * * LOW HITPOINT WARNING * * *
The ice beast freezes you!
You die...

#.# #.# #.# #.# # #.#
#.#.######### ######.#
#...)..Y..... ........
#.....@##############.#
#.....................#
.....[....#############
.......[..# .##.......#
#.......# #.......#
#.......# .#....##


You could see an ice beast.

Vanquished Creatures
  Ijyb (D:2)
  An adder (D:2)
  3 oozes
  A giant gecko (D:1)
  3 giant cockroaches
  8 hobgoblins
  A quokka (D:2)
  2 ball pythons
  5 bats
  4 giant newts
  2 goblins (D:1)
  4 jackals (D:2)
  4 kobolds
  4 rats (D:1)
43 creatures vanquished.

Notes
Turn   | Place    | Note
--------------------------------------------------------------
     0 | D:1      | JustSomeDude the Demonspawn Fighter began the quest for the Orb.
     0 | D:1      | Reached XP level 1. HP: 18/18 MP: 1/1
   342 | D:1      | Gained mutation: You are slightly more attuned to the shadows. [demonic ancestry]
   342 | D:1      | Reached XP level 2. HP: 24/24 MP: 2/2
   980 | D:2      | Noticed Ijyb
   993 | D:2      | Killed Ijyb
   993 | D:2      | Gained mutation: You have sharp fingernails. [demonic ancestry]
   993 | D:2      | Reached XP level 3. HP: 27/29 MP: 3/3
  1035 | D:2      | Reached skill level 1 in Dodging
  1093 | D:2      | Gained mutation: You are partially covered in rugged brown scales (AC +1, +3% HP). [demonic ancestry]
  1093 | D:2      | Reached XP level 4. HP: 29/36 MP: 4/4
  1634 | D:3      | Noticed an ice beast
  1650 | D:3      | Slain by an ice beast

Action                   |  1- 3 |  4- 6 || total
-------------------------+-------+-------++-------
Melee: Trident           |    46 |       ||    46
       Dagger            |    89 |    59 ||   148
  Eat: Bread ration      |     1 |     1 ||     2
